| TOP OF THE 1ST |
|
Fresno Grizzlies batting - Pitching for Scranton WB RailRiders : RHP Leo Gonzales
|
|
Pitching: RHP Leo Gonzales
|
|
|
Batting: RHB Chris Trites
|
0-0: Ball 1-0: Fly out, F8 (Line Drive, 8LD, EV 91.2 MPH)
|
|
Batting: LHB Chris Cabrera
|
0-0: Called Strike 0-1: Ball 1-1: Ball 2-1: Called Strike 2-2: Ball 3-2: Base on Balls
|
|
Batting: RHB Bruce Bermudez
|
0-0: Ball Pickoff Throw to First - Out! 1-3 1-0: Called Strike 1-1: Ball 2-1: Ground out 5-3 (Groundball, 56S, EV 94.4 MPH)
|
| Top of the 1st over - 0 runs, 0 hits, 0 errors, 0 left on base; Fresno 0 - Scranton WB 0 |
| BOTTOM OF THE 1ST |
|
Scranton WB RailRiders batting - Pitching for Fresno Grizzlies : RHP Andy Montelongo
|
|
Pitching: RHP Andy Montelongo
|
|
|
Batting: SHB Jay Gagnon
|
0-0: Foul Ball, location: 2F 0-1: Ball 1-1: Foul Ball, location: 2F 1-2: Foul Ball, location: 2F 1-2: Fly out, F5 (Line Drive, 5, EV 67.5 MPH)
|
|
Batting: RHB Devon Utley
|
0-0: Called Strike 0-1: Called Strike 0-2: Ground out 1-3 (Groundball, P, EV 70.0 MPH)
|
|
Batting: SHB Victor Ruiz
|
0-0: Swinging Strike 0-1: Ball 1-1: Ground out U3 (Groundball, 3L, EV 78.8 MPH)
|
| Bottom of the 1st over - 0 runs, 0 hits, 0 errors, 0 left on base; Fresno 0 - Scranton WB 0 |
| TOP OF THE 2ND |
|
Fresno Grizzlies batting - Pitching for Scranton WB RailRiders : RHP Leo Gonzales
|
|
Batting: RHB Etsuro Hosokawa
|
0-0: Ball 1-0: Called Strike 1-1: Ball 2-1: Ball 3-1: Base on Balls
|
|
Batting: RHB Kyle Davis
|
0-0: Called Strike Etsuro Hosokawa steals 2nd base 0-1: Foul Ball, location: 2F 0-2: SINGLE (Line Drive, 5D, EV 95.6 MPH) Etsuro Hosokawa to third
|
|
Batting: RHB Sam Spohn
|
0-0: Called Strike 0-1: Fly out, F9 (Flyball, 9S, EV 83.8 MPH)
|
|
Batting: RHB Nick Deegan
|
0-0: Swinging Strike 0-1: Foul Ball, location: 2F 0-2: Fly out, F9 (Flyball, 89D, EV 94.4 MPH) Runner from 3rd tags up, SCORES, no throw by RF
|
|
Batting: RHB Lamar Thornton
|
0-0: Ball 1-0: Fly out, F7 (Line Drive, 7, EV 100.0 MPH)
|
| Top of the 2nd over - 1 run, 1 hit, 0 errors, 1 left on base; Fresno 1 - Scranton WB 0 |
| BOTTOM OF THE 2ND |
|
Scranton WB RailRiders batting - Pitching for Fresno Grizzlies : RHP Andy Montelongo
|
|
Batting: LHB Aaron Joyner
|
0-0: Ball 1-0: Called Strike 1-1: Ground out 4-3 (Groundball, 4MS, EV 78.1 MPH)
|
|
Batting: SHB Ryan Buchbinder
|
0-0: Ball 1-0: Called Strike 1-1: Swinging Strike 1-2: Strikes out swinging
|
|
Batting: SHB Joe Fure
|
0-0: Ball 1-0: Called Strike 1-1: Called Strike 1-2: Strikes out swinging
|
| Bottom of the 2nd over - 0 runs, 0 hits, 0 errors, 0 left on base; Fresno 1 - Scranton WB 0 |
| TOP OF THE 3RD |
|
Fresno Grizzlies batting - Pitching for Scranton WB RailRiders : RHP Leo Gonzales
|
|
Batting: RHB Dustin Hartman
|
0-0: Foul Ball, location: 2F 0-1: Swinging Strike 0-2: Ball 1-2: Foul Ball, location: 2F 1-2: Strikes out looking
|
|
Batting: RHB Chris Trites
|
0-0: Ground out U3 (Groundball, 34S, EV 85.0 MPH)
|
|
Batting: LHB Chris Cabrera
|
0-0: Called Strike 0-1: Ball 1-1: Foul Ball, location: 2F 1-2: Ball 2-2: Foul Ball, location: 2F 2-2: Ball 3-2: SINGLE (Groundball, 34D, EV 110.0 MPH)
|
|
Batting: RHB Bruce Bermudez
|
0-0: Ball 1-0: Called Strike 1-1: Ball 2-1: Ball 3-1: TRIPLE (Flyball, 89XD, EV 95.0 MPH) Chris Cabrera scores
|
|
Batting: RHB Etsuro Hosokawa
|
0-0: Called Strike 0-1: Ball 1-1: Swinging Strike 1-2: Ball 2-2: Strikes out swinging
|
| Top of the 3rd over - 1 run, 2 hits, 0 errors, 1 left on base; Fresno 2 - Scranton WB 0 |
| BOTTOM OF THE 3RD |
|
Scranton WB RailRiders batting - Pitching for Fresno Grizzlies : RHP Andy Montelongo
|
|
Batting: RHB Josh Zoglmann
|
0-0: Ball 1-0: Ground out 6-3 (Groundball, 6S, EV 84.4 MPH)
|
|
Batting: SHB Jose Vargas
|
0-0: Called Strike 0-1: Ground out U3 (Groundball, 3S, EV 85.6 MPH)
|
|
Batting: RHB Eric Davis
|
0-0: Ball 1-0: Foul Ball, location: 2F 1-1: Called Strike 1-2: Ball 2-2: Ball 3-2: Foul Ball, location: 2F 3-2: SINGLE (Groundball, 4MD, EV 95.6 MPH)
|
|
Batting: SHB Jay Gagnon
|
0-0: SINGLE (Groundball, 5D, EV 105.6 MPH) Eric Davis to second
|
|
Batting: RHB Devon Utley
|
0-0: Ball 1-0: Ball 2-0: Foul Ball, location: 2F 2-1: Foul Ball, location: 2F 2-2: Ground out 4-3 (Groundball, 4, EV 98.8 MPH)
|
| Bottom of the 3rd over - 0 runs, 2 hits, 0 errors, 2 left on base; Fresno 2 - Scranton WB 0 |
| TOP OF THE 4TH |
|
Fresno Grizzlies batting - Pitching for Scranton WB RailRiders : RHP Leo Gonzales
|
|
Batting: RHB Kyle Davis
|
0-0: Called Strike 0-1: Ball 1-1: Ball 2-1: Ball 3-1: Base on Balls
|
|
Batting: RHB Sam Spohn
|
0-0: Ball 1-0: Ball 2-0: Called Strike Kyle Davis is caught stealing 2nd base 2-4 2-1: Fly out, F1 (Line Drive, P, EV 75.0 MPH)
|
|
Batting: RHB Nick Deegan
|
0-0: Ball 1-0: Ball 2-0: Ball 3-0: Base on Balls
|
|
Batting: RHB Lamar Thornton
|
0-0: Called Strike 0-1: SINGLE (Flyball, 6D, EV 98.1 MPH) Nick Deegan to second
|
|
Batting: RHB Dustin Hartman
|
0-0: Called Strike 0-1: Swinging Strike 0-2: Ball 1-2: Ball 2-2: Strikes out looking
|
| Top of the 4th over - 0 runs, 1 hit, 0 errors, 2 left on base; Fresno 2 - Scranton WB 0 |
| BOTTOM OF THE 4TH |
|
Scranton WB RailRiders batting - Pitching for Fresno Grizzlies : RHP Andy Montelongo
|
|
Batting: SHB Victor Ruiz
|
0-0: Called Strike 0-1: Swinging Strike 0-2: Strikes out swinging
|
|
Batting: LHB Aaron Joyner
|
0-0: Ball 1-0: Foul Ball, location: 2F 1-1: Foul Ball, location: 2F 1-2: Ground out 2-3 (Groundball, 2L, EV 65.6 MPH)
|
|
Batting: SHB Ryan Buchbinder
|
0-0: Ball 1-0: Called Strike 1-1: Ball 2-1: Foul Ball, location: 2F 2-2: Strikes out swinging
|
| Bottom of the 4th over - 0 runs, 0 hits, 0 errors, 0 left on base; Fresno 2 - Scranton WB 0 |
| TOP OF THE 5TH |
|
Fresno Grizzlies batting - Pitching for Scranton WB RailRiders : RHP Leo Gonzales
|
|
Batting: RHB Chris Trites
|
0-0: Called Strike 0-1: Swinging Strike 0-2: Ball 1-2: Foul Ball, location: 2F 1-2: Foul Ball, location: 2F 1-2: Fly out, F9 (Flyball, 9S, EV 81.9 MPH)
|
|
Batting: LHB Chris Cabrera
|
0-0: Called Strike 0-1: SINGLE (Groundball, 4D, EV 100.0 MPH)
|
|
Batting: RHB Bruce Bermudez
|
0-0: Foul Ball, location: 2F 0-1: Foul Ball, location: 2F 0-2: Ball 1-2: Strikes out swinging
|
|
Batting: RHB Etsuro Hosokawa
|
0-0: Ball 1-0: Foul Ball, location: 2F 1-1: DOUBLE (Flyball, 8RXD, EV 90.6 MPH) Chris Cabrera to third
|
|
Batting: RHB Kyle Davis
|
0-0: DOUBLE (Line Drive, 3D, EV 106.9 MPH) Chris Cabrera scores Etsuro Hosokawa scores
|
|
Batting: RHB Sam Spohn
|
0-0: Ball 1-0: Foul Ball, location: 2F 1-1: Called Strike 1-2: Strikes out swinging
|
| Top of the 5th over - 2 runs, 3 hits, 0 errors, 1 left on base; Fresno 4 - Scranton WB 0 |
| BOTTOM OF THE 5TH |
|
Scranton WB RailRiders batting - Pitching for Fresno Grizzlies : RHP Andy Montelongo
|
|
Batting: SHB Joe Fure
|
0-0: Ball 1-0: Foul Ball, location: 2F 1-1: Foul Ball, location: 2F 1-2: SINGLE (Groundball, 6MS, EV 75.0 MPH) (infield hit)
|
|
Batting: RHB Josh Zoglmann
|
0-0: Ball 1-0: Fly out, F9 (Flyball, 89S, EV 90.6 MPH)
|
|
Batting: SHB Jose Vargas
|
0-0: Ball 1-0: Foul Ball, location: 2F 1-1: SINGLE (Groundball, 56D, EV 97.5 MPH) Joe Fure to second
|
|
Batting: RHB Eric Davis
|
0-0: Ball 1-0: Ball 2-0: DOUBLE (Line Drive, 78D, EV 111.2 MPH) Joe Fure scores Jose Vargas to third Runner from 3rd tries for Home, SAFE, throw by CF to home
|
|
Batting: SHB Jay Gagnon
|
0-0: Ball 1-0: Ball 2-0: Ball 3-0: Base on Balls
|
|
Batting: RHB Devon Utley
|
0-0: Ball 1-0: Ball 2-0: Called Strike 2-1: Foul Ball, location: 2F 2-2: Fly out, F9 (Flyball, 9, EV 80.6 MPH)
|
|
Batting: SHB Victor Ruiz
|
0-0: Called Strike 0-1: Foul Ball, location: 2F 0-2: Strikes out looking
|
| Bottom of the 5th over - 2 runs, 3 hits, 0 errors, 2 left on base; Fresno 4 - Scranton WB 2 |
| TOP OF THE 6TH |
|
Fresno Grizzlies batting - Pitching for Scranton WB RailRiders : RHP Leo Gonzales
|
|
Batting: RHB Nick Deegan
|
0-0: Fly out, F7 (Flyball, 7D, EV 84.4 MPH)
|
|
Batting: RHB Lamar Thornton
|
0-0: Ball 1-0: Called Strike 1-1: Called Strike 1-2: Ball 2-2: Foul Ball, location: 2F 2-2: Ground out 5-3 (Groundball, 5L, EV 81.9 MPH)
|
|
Batting: RHB Dustin Hartman
|
0-0: Ball 1-0: Fly out, F8 (Flyball, 8LD, EV 101.9 MPH)
|
| Top of the 6th over - 0 runs, 0 hits, 0 errors, 0 left on base; Fresno 4 - Scranton WB 2 |
| BOTTOM OF THE 6TH |
|
Scranton WB RailRiders batting - Pitching for Fresno Grizzlies : RHP Andy Montelongo
|
|
Batting: LHB Aaron Joyner
|
0-0: Ball 1-0: Ball 2-0: Ball 3-0: Called Strike 3-1: DOUBLE (Groundball, 3L, EV 101.9 MPH)
|
|
Batting: SHB Ryan Buchbinder
|
0-0: Called Strike 0-1: Foul Ball, location: 2F 0-2: Strikes out swinging
|
|
Batting: SHB Joe Fure
|
0-0: Ball Aaron Joyner steals 3rd base 1-0: Called Strike 1-1: Foul Ball, location: 2F 1-2: Ground out U3 (Groundball, 34S, EV 85.6 MPH) Aaron Joyner scores
|
|
Batting: RHB Josh Zoglmann
|
0-0: Called Strike 0-1: Ball 1-1: Fly out, F9 (Flyball, 9D, EV 108.1 MPH)
|
| Bottom of the 6th over - 1 run, 1 hit, 0 errors, 0 left on base; Fresno 4 - Scranton WB 3 |
| TOP OF THE 7TH |
|
Fresno Grizzlies batting - Pitching for Scranton WB RailRiders : RHP Leo Gonzales
|
|
Batting: RHB Chris Trites
|
0-0: Foul Ball, location: 2F 0-1: SINGLE (Flyball, 5D, EV 93.8 MPH)
|
|
Pitching: RHP Ray Richards
|
|
|
Batting: LHB Chris Cabrera
|
0-0: Ball 1-0: Ball 2-0: Foul Ball, location: 2F 2-1: Ball 3-1: Called Strike 3-2: Strikes out looking
|
|
Batting: RHB Bruce Bermudez
|
0-0: Ball Chris Trites is caught stealing 2nd base 2-4 1-0: DOUBLE (Line Drive, 89D, EV 110.0 MPH)
|
|
Batting: RHB Etsuro Hosokawa
|
0-0: Ball 1-0: Ball 2-0: Called Strike 2-1: Foul Ball, location: 2F 2-2: Ground out 6-3 (Groundball, 6S, EV 87.5 MPH)
|
| Top of the 7th over - 0 runs, 2 hits, 0 errors, 1 left on base; Fresno 4 - Scranton WB 3 |
| BOTTOM OF THE 7TH |
|
Scranton WB RailRiders batting - Pitching for Fresno Grizzlies : RHP Andy Montelongo
|
|
Batting: SHB Jose Vargas
|
0-0: Ball 1-0: Called Strike 1-1: Ball 2-1: Foul Ball, location: 2F 2-2: Ball 3-2: Foul Ball, location: 2F 3-2: Ground out 4-3 (Groundball, 4, EV 105.6 MPH)
|
|
Batting: RHB Eric Davis
|
0-0: Called Strike 0-1: Ball 1-1: Ball 2-1: Foul Ball, location: 2F 2-2: Foul Ball, location: 2F 2-2: Foul Ball, location: 2F 2-2: Foul Ball, location: 2F 2-2: Ground out U3 (Groundball, 3S, EV 88.8 MPH)
|
|
Pitching: RHP Elroy Meulenkamp
|
|
|
Batting: SHB Jay Gagnon
|
0-0: Called Strike 0-1: Ball 1-1: Called Strike 1-2: Ball 2-2: Foul Ball, location: 2F 2-2: Foul Ball, location: 2F 2-2: Ball 3-2: Base on Balls
|
|
Batting: RHB Devon Utley
|
0-0: Ball 1-0: Ball 2-0: Ball 3-0: Base on Balls Jay Gagnon to second
|
|
Batting: SHB Victor Ruiz
|
0-0: Called Strike 0-1: Ball 1-1: Foul Ball, location: 2F 1-2: Strikes out looking
|
| Bottom of the 7th over - 0 runs, 0 hits, 0 errors, 2 left on base; Fresno 4 - Scranton WB 3 |
| TOP OF THE 8TH |
|
Fresno Grizzlies batting - Pitching for Scranton WB RailRiders : RHP Ray Richards
|
|
Batting: RHB Kyle Davis
|
0-0: Foul Ball, location: 2F 0-1: Ball 1-1: Ball 2-1: Fly out, F9 (Flyball, 89S, EV 88.8 MPH)
|
|
Batting: RHB Sam Spohn
|
0-0: Called Strike 0-1: Ball 1-1: Called Strike 1-2: Strikes out looking
|
|
Batting: RHB Nick Deegan
|
0-0: Ball 1-0: Called Strike 1-1: Ball 2-1: TRIPLE (Line Drive, 78XD, EV 109.4 MPH)
|
|
Batting: RHB Lamar Thornton
|
0-0: Ball 1-0: Ground out 4-3 (Groundball, 4, EV 83.8 MPH)
|
| Top of the 8th over - 0 runs, 1 hit, 0 errors, 1 left on base; Fresno 4 - Scranton WB 3 |
| BOTTOM OF THE 8TH |
|
Scranton WB RailRiders batting - Pitching for Fresno Grizzlies : RHP Elroy Meulenkamp
|
|
Batting: LHB Aaron Joyner
|
0-0: Swinging Strike 0-1: Ball 1-1: Ball 2-1: Foul Ball, location: 2F 2-2: Foul Ball, location: 2F 2-2: Ball 3-2: Foul Ball, location: 2F 3-2: Foul Ball, location: 2F 3-2: Strikes out swinging
|
|
Batting: SHB Ryan Buchbinder
|
0-0: Ground out 5-3 (Groundball, 6S, EV 65.6 MPH)
|
|
Batting: SHB Joe Fure
|
0-0: Ball 1-0: Foul Ball, location: 2F 1-1: Ball 2-1: SINGLE (Groundball, 6MS, EV 82.5 MPH) (infield hit)
|
|
Pinch Hitting: LHB Jose Lebron
|
0-0: Ground out 4-3 (Groundball, 13, EV 81.2 MPH)
|
| Bottom of the 8th over - 0 runs, 1 hit, 0 errors, 1 left on base; Fresno 4 - Scranton WB 3 |
| TOP OF THE 9TH |
|
Fresno Grizzlies batting - Pitching for Scranton WB RailRiders : RHP Ray Richards
|
|
Pitching: RHP Soh Kawashima
|
|
|
Now at SS: Mike Plugge
|
|
|
Batting: RHB Dustin Hartman
|
0-0: Ball 1-0: Swinging Strike 1-1: Ball 2-1: Swinging Strike 2-2: Foul Ball, location: 2F 2-2: Ball 3-2: Foul Ball, location: 2F 3-2: Fly out, F8 (Flyball, 78M, EV 93.8 MPH)
|
|
Batting: RHB Chris Trites
|
0-0: Called Strike 0-1: Called Strike 0-2: Foul Ball, location: 2F 0-2: SINGLE (Groundball, 6MD, EV 106.9 MPH)
|
|
Batting: LHB Chris Cabrera
|
0-0: Called Strike Chris Trites is caught stealing 2nd base 2-6 0-1: Swinging Strike 0-2: Ground out 3-1 (Groundball, 34D, EV 101.2 MPH)
|
| Top of the 9th over - 0 runs, 1 hit, 0 errors, 0 left on base; Fresno 4 - Scranton WB 3 |
| BOTTOM OF THE 9TH |
|
Scranton WB RailRiders batting - Pitching for Fresno Grizzlies : RHP Elroy Meulenkamp
|
|
Pitching: RHP Scott Spillman
|
|
|
Batting: SHB Jose Vargas
|
0-0: Called Strike 0-1: SINGLE (Line Drive, 9S, EV 90.6 MPH)
|
|
Batting: RHB Eric Davis
|
0-0: Ball 1-0: Foul Ball, location: 2F 1-1: Ball 2-1: Foul Ball, location: 2F 2-2: Ball 3-2: Base on Balls Jose Vargas to second
|
|
Batting: SHB Jay Gagnon
|
0-0: Ball 1-0: Called Strike 1-1: Called Strike 1-2: Foul Ball, location: 2F 1-2: Strikes out looking
|
|
Batting: RHB Devon Utley
|
0-0: Ball 1-0: Foul Ball, location: 2F 1-1: Ball 2-1: Swinging Strike 2-2: Ball 3-2: Strikes out swinging
|
|
Batting: SHB Victor Ruiz
|
0-0: Ball 1-0: Called Strike 1-1: Ball 2-1: Swinging Strike 2-2: Foul Ball, location: 2F 2-2: Ball 3-2: Ground out 5-3 (Groundball, 6S, EV 65.0 MPH)
|
| Bottom of the 9th over - 0 runs, 1 hit, 0 errors, 2 left on base; Fresno 4 - Scranton WB 3 |
|